 Dungeon Crawl Stone Soup version 0.32-a0-516-g94ed278cf8 (webtiles) character file.

Game seed: 5482578333549248873

1792 Essalna the Geomancer (level 9, -13/55 HPs)
             Began as a Gargoyle Earth Elementalist on Feb 27, 2024.
             Mangled by an ogre
             ... wielding a +0 giant spiked club
              (31 damage)
             ... on level 6 of the Dungeon.
             The game lasted 00:11:49 (5374 turns).

Essalna the Geomancer (Gargoyle Earth Elementalist) Turns: 5374, Time: 00:11:50

Health: -13/55     AC:  8    Str: 12    XL:     9   Next: 9%
Magic:  7/15       EV: 11    Int: 20    God:
Gold:   186        SH:  0    Dex: 10    Spells: 12/16 levels left

rFire   . . .        f - +0 dagger (freeze)
rCold   . . .        (no shield)
rNeg    + . .        a - +0 robe
rPois   ∞            (no helmet)
rElec   +            (no cloak)
rCorr   .            (no gloves)
SInv    .            (no boots)
Will    .....        i - amulet of the acrobat
Stlth   ++           (no ring)
HPRegen 0.29/turn    (no ring)
MPRegen 0.14/turn

%: acrobat
@: no status effects
A: sickness immunity, AC +6, negative energy resistance 1, electricity
resistance, torment resistance 1, petrification resistance
a: no special abilities


You were on level 6 of the Dungeon.
You visited 1 branch of the dungeon, and saw 6 of its levels.
You also visited: Sewer.

You collected 186 gold pieces.

Inventory:

Hand Weapons
 f - a +0 dagger of freezing (weapon)
Missiles
 s - a throwing net
Armour
 a - a +0 robe (worn)
Jewellery
 i - an amulet of the acrobat (around neck)
Scrolls
 b - 2 scrolls of enchant armour {unknown}
 e - a scroll of amnesia
 m - a scroll of silence
 n - 2 scrolls of fear
 t - a scroll of teleportation
 u - a scroll of blinking {unknown}
Potions
 c - 2 potions of haste {unknown}
 d - a potion of resistance {unknown}
 g - a potion of invisibility {unknown}
 h - 2 potions of degeneration {unknown}
 j - 2 potions of curing {unknown}
 k - 3 potions of magic
 l - 3 potions of mutation {unknown}
 o - 3 potions of attraction {unknown}
 p - 2 potions of enlightenment {unknown}
 q - 2 potions of might {unknown}
 r - a potion of heal wounds {unknown}


   Skills:
 + Level 5.9 Fighting
 - Level 1.5 Dodging
 - Level 2.1 Stealth
 - Level 4.0 Spellcasting
 + Level 7.1 Conjurations
 + Level 8.6 Earth Magic


You had 12 spell levels left.
You knew the following spells:

 Your Spells              Type           Power      Damage    Failure   Level
a - Sandblast             Erth           76%        2d16      1%          1
b - Stone Arrow           Conj/Erth      70%        3d11      1%          3

Your spell library contained the following spells:

 Spells                   Type           Power      Damage    Failure   Level
 Passwall                 Erth           38%        N/A       1%          3
 Shock                    Conj/Air       72%        1d7       3%          1
 Momentum Strike          Conj/Tloc      36%        3d9       4%          2
 Brom's Barrelling Bould  Conj/Erth      35%        2d5       4%          4
 Blink                    Tloc           8%         N/A       19%         2
 Lesser Beckoning         Tloc           8%         N/A       19%         2
 Petrify                  Alch/Erth      21%        N/A       22%         4
 Iskenderun's Mystic Bla  Conj/Tloc      18%        2d6       28%         4
 Swiftness                Air            4%         N/A       36%         3
 Tukima's Dance           Hex            4%         N/A       36%         3
 Airstrike                Air            2%         2d(1-17)  77%         4
 Dimensional Bullseye     Hex/Tloc       2%         N/A       77%         4


Dungeon Overview and Level Annotations

Branches:
Dungeon (6/15)              Sewer (visited)
 Temple: D:4-7

Altars:
Cheibriados
Fedhas
Kikubaaqudgha
Nemelex Xobeh
Xom
Zin

Shops:
D:2 (   D:3 (


Innate Abilities, Weirdness & Mutations

You are immune to sickness and miasma.
Your stone body is resilient. (AC +6)
You are immune to poison.
You resist negative energy. (rN+)
You are resistant to electric shocks. (rElec)
You are resistant to unholy torment.
You are immune to petrification.


Message History

You can't see any susceptible monsters within range! (Use Z to cast anyway.)
You see here an adder corpse.
Key pressed, stopping explore.
You pick up a book of Weapons and begin reading...
You add the spells Tukima's Dance, Dimensional Bullseye and Iskenderun's Mystic Blast to your library.
A gnoll and an ice beast come into view.
The blast of sand hits the gnoll!
You kill the gnoll!
The gnoll shouts!
The blast of sand hits the gnoll!
You kill the gnoll!
The blast of sand hits the ice beast but does no damage.
The blast of sand hits the ice beast.
The ice beast is moderately wounded.
The ice beast closely misses you.
The blast of sand hits the ice beast!
The ice beast is severely wounded.
The gnoll shouts!
The ice beast closely misses you.
The blast of sand hits the ice beast!!
You kill the ice beast!
The ogre hits you with a +0 giant spiked club!
The blast of sand misses the ogre.
The blast of sand hits the gnoll!
The gnoll is heavily wounded.
The ogre closely misses you.
The blast of sand hits the ogre!
The ogre is moderately wounded.
The ogre hits you with a +0 giant spiked club!!
You are too injured to fight recklessly!
You are too injured to fight recklessly!
You are too injured to fight recklessly!
Casting: Sandblast (safe; 1% risk of failure)
Confirm with . or Enter, or press ? or * to list all spells.
Aiming: Sandblast (safe; 1% risk of failure)
Press: ? - help, Shift-Dir - straight line, f/p - ogre
Aim: an ogre, wielding a +0 giant spiked club (moderately wounded, 92% to hit)
The blast of sand misses the ogre.
The ogre hits you with a +0 giant spiked club!!
Ouch! That really hurt!
You die...

####.[........# #.>.......#
..............# #.........#
####..........# #.........#
#..........### ##.........#
####...(.....# #.)........#
#.........###).........#
#>........##...........# # ##
#..<†......Og##.......###.# .#
#.........@)###......##.... .###
#.........#.###.###........ ...#
####..#####.........<..h... ##.#
##...####....###.g...#..#
##.######...........####..####.##
....†.........####..###.l......##
##.######.......................#
#.....##............#...........
#####...........................


You could see an ogre and a gnoll.

Vanquished Creatures
  Grinder (D:3)
  A water moccasin (D:5)
  A black bear (D:5)
  2 ice beasts
  A sky beast (D:6)
  A bullfrog (D:5)
  2 brain worms (Sewer)
  3 scorpions
  2 bombardier beetles
  3 hounds
  A gnoll bouda (D:5)
  A jelly (D:6)
  An orc priest (D:5)
  3 iguanas
  A sleepcap (D:5)
  16 gnolls
  11 adders
  A white imp (D:6)
  2 ufetubi (D:5)
  4 dart slugs
  5 ribbon worms
  18 orcs
  12 ball pythons
  5 endoplasms
  2 giant cockroaches
  9 goblins
  6 hobgoblins
  5 jackals
  5 quokkas
  10 bats
  10 frilled lizards
  6 kobolds
  8 rats
159 creatures vanquished.

Notes
Turn   | Place    | Note
-------+----------+-------------------------------------------
     0 | D:1      | Essalna the Gargoyle Earth Elementalist began the quest for
                  | the Orb.
     0 | D:1      | Reached XP level 1. HP: 10/10 MP: 3/3
   115 | D:1      | Reached XP level 2. HP: 15/15 MP: 1/5
   312 | D:1      | Reached skill level 4 in Earth Magic
   865 | D:2      | Reached XP level 3. HP: 19/19 MP: 3/6
   869 | D:2      | Found a glowing silver altar of Zin.
   940 | D:2      | Found Mickerghi's Antique Weapon Boutique.
  1161 | D:3      | Found Tiah's Weapon Shoppe.
  1247 | D:3      | Reached XP level 4. HP: 24/24 MP: 6/8
  1424 | D:3      | Noticed Grinder
  1444 | D:3      | Paralysed by Grinder for 4 turns
  1456 | D:3      | Killed Grinder
  1457 | D:3      | Reached skill level 5 in Earth Magic
  1457 | D:3      | Reached XP level 5. HP: 5/28 MP: 2/10
  1457 | D:3      | Reached XP level 6. HP: 6/32 MP: 2/11
  1676 | D:3      | Learned a level 3 spell: Stone Arrow
  2365 | D:2      | Reached skill level 1 in Fighting
  3418 | D:4      | Reached XP level 7. HP: 34/38 MP: 10/13
  3495 | D:4      | Reached skill level 6 in Earth Magic
  3824 | D:5      | Entered Level 5 of the Dungeon
  3834 | D:5      | Found a sparkling altar of Nemelex Xobeh.
  3957 | D:5      | Reached skill level 5 in Conjurations
  4035 | D:5      | Reached XP level 8. HP: 46/46 MP: 11/14
  4039 | D:5      | Reached skill level 7 in Earth Magic
  4044 | D:5      | Found a blossoming altar of Fedhas.
  4125 | D:5      | Found an ancient bone altar of Kikubaaqudgha.
  4293 | D:5      | Found a glowing drain.
  4305 | Sewer    | Entered a sewer
  4669 | Sewer    | Reached skill level 5 in Fighting
  5084 | D:5      | Found a snail-covered altar of Cheibriados.
  5084 | D:5      | Found a shimmering altar of Xom.
  5126 | D:6      | Reached skill level 8 in Earth Magic
  5266 | D:6      | Reached XP level 9. HP: 54/54 MP: 9/15
  5374 | D:6      | Mangled by an ogre

Illustrated notes

Levels and vault maps discovered:
D:1:      minmay_arrival_three_doors, layout_basic, dk_noncrumbling_3
D:2:      layout_basic, serial_shops, nicolae_shop_stone, basic_altar
D:3:      layout_basic, serial_shops, nicolae_shop_tiny_statue_garden,
          grunt_ministairs_7, kennysheep_doodads, chequers_decorated_corner,
          uniq_grinder
D:4:      layout_basic
D:5:      layout_basic, nicolae_kikubaaqudgha_miasma_corner,
          kennysheep_little_box, gammafunk_temple_overflow_statue,
          fedhas_altar_3, cheibrodos_sewer_entry_bend
D:6:      layout_rooms

Skill      XL: |  1  2  3  4  5  6  7  8 |
---------------+-------------------------+-----
Earth Magic    | 4 5 6 8 |  8.6
Conjurations   | 2 3 4 5 7 |  7.1
Spellcasting   | 3 4 |  4.0
Fighting       | 1 3 5 |  5.9
Dodging        | |  1.5
Stealth        | |  2.1

Action                     |  1- 3 |  4- 6 |  7- 9 || total
---------------------------+-------+-------+-------++-------
  Melee: Dagger            |    14 |     1 |    13 ||    28
   Cast: Sandblast         |    39 |    94 |   151 ||   284
    Use: Scroll            |       |       |     8 ||     8
         Potion            |       |       |     1 ||     1
 Armour: Robe              |    16 |    20 |    71 ||   107
  Dodge: Dodged            |    12 |    18 |    55 ||    85
         Repelled          |     1 |       |     2 ||     3

Table legend: (Time is in decaauts)
 A = Elapsed time spent in this place.
 B = Non-inter-level travel time spent in this place.
 C = Inter-level travel time spent in this place.
 D = Time resting spent in this place.
 E = Time spent auto-exploring this place.
 F = Levels seen in this place.
 G = Mean time per level.
                   A        B        C        D        E       F      G
               +--------+--------+--------+--------+--------+-----+--------+
         Total |   5581 |   5081 |    500 |     53 |   4138 |   7 |  797.3 |
       Dungeon |   4923 |   4423 |    500 |     53 |   3634 |   6 |  820.5 |
         Sewer |    658 |    658 |      0 |      0 |    503 |   1 |  658.0 |
               +--------+--------+--------+--------+--------+-----+--------+

Top non-repeatable levels by time:
     D:2: 1154 daAuts
     D:3: 1011 daAuts
     D:1: 869 daAuts
     D:4: 863 daAuts
     D:5: 787 daAuts
   Sewer: 658 daAuts
     D:6: 238 daAuts
